 Dungeon Crawl Stone Soup version 0.30.0-29-ga12c61a403 (webtiles) character file.

Game seed: 12395327115767122345

961 qw the Blocker (level 8, -2/46 HPs)
             Began as a Gargoyle Fighter on June 2, 2023.
             Was an Initiate of Okawaru.
             Killed by divine providence
             ... invoked by an orc priest
              (15 damage)
             ... on level 5 of the Dungeon.
             The game lasted 00:01:57 (4162 turns).

qw the Blocker (Gargoyle Fighter)                   Turns: 4162, Time: 00:01:58

Health: -2/46      AC: 15    Str: 22    XL:     8   Next: 15%
Magic:  7/8        EV:  9    Int:  9    God:    Okawaru [......]
Gold:   63         SH:  0    Dex:  9    Spells: 7/7 levels left

rFire   . . .        Y - +2 war axe
rCold   . . .        f - +0 tower shield
rNeg    + . .        b - +0 scale mail
rPois   inf          (no helmet)
rElec   +            (no cloak)
rCorr   .            (no gloves)
SInv    .            i - +0 pair of boots
Will    .....        (no amulet) Stlth
                     (no ring)
HPRegen 0.27/turn    (no ring)
MPRegen 0.11/turn

%: no passive effects
@: confused, heroic, weakened
A: sickness immunity, AC +5, negative energy resistance 1, electricity
resistance, torment resistance 1, petrification resistance
a: Renounce Religion


You were on level 5 of the Dungeon.
You worshipped Okawaru.
Okawaru was noncommittal.
You visited 1 branch of the dungeon, and saw 6 of its levels.

You collected 222 gold pieces.
You spent 159 gold pieces at shops.


Innate Abilities, Weirdness & Mutations

You are immune to sickness and miasma.
Your stone body is resilient. (AC +5)
You are immune to poison.
You resist negative energy. (rN+)
You are resistant to electric shocks. (rElec)
You are resistant to unholy torment.
You are immune to petrification.


   Skills:
 - Level 3.2(8.2) Fighting
 - Level 5.0(10.0) Axes
 - Level 2.1(7.1) Throwing
 - Level 3.2(8.2) Armour
 + Level 8.3(13.3) Shields


You had 7 spell levels left.
You didn't know any spells.
Your spell library was empty.

Inventory:

Hand Weapons
 h - a +0 whip
 Y - a +2 war axe (weapon)
Missiles
 c - 2 javelins (quivered)
Armour
 b - a +0 scale mail (worn)
 f - a +0 tower shield (worn)
 i - a +0 pair of boots (worn)
 m - a +1 pair of boots
Scrolls
 a - 4 scrolls of identify
 j - a scroll of enchant armour {unknown}
Potions
 d - 4 potions of might
 e - 3 potions of cancellation
 k - a potion of attraction
 l - a potion of lignification

Dungeon Overview and Level Annotations

Branches:
Dungeon (6/15)
 Temple: D:4-7

Altars:
Dithmenos
Fedhas
Gozag
Kikubaaqudgha
Nemelex Xobeh
Okawaru
Qazlal
Ru
Sif Muna
Uskayaw
Wu Jian
Zin
The Shining One

Shops:
D:3 *[?   D:4 !*(

Annotations:
D:5 1 transporter


Message History

Something hits you.
The orc priest hits you but does no damage.
The gnoll bouda gazes fiercely through you!
You feel as though you will be weak longer.
Something hits you but does no damage. x2
The orc priest mumbles some strange prayers to Beogh against you.
Beogh smites you! Something hits you but does no damage.
The gnoll bouda barks out a call to the hunt!
The gnolls pick up the pace!
You hear some strange, mumbled words.
Something tries to affect you, but you resist.
The orc priest looks encouraged for a moment.
A gnoll comes into view. It is wielding a +0 whip.
You hear some strange, mumbled words.
Something tries to affect you, but you resist.
Something hits you but does no damage.
The gnoll shouts!
Something hits you but does no damage.
The orc priest hits you but does no damage.
You hear some strange, mumbled words.
A puff of flame appears from out of thin air!
The puff of flame hits you.
You hear some strange, mumbled words.
A magic dart appears from out of thin air!
The magic dart hits you!
You feel less confused. The orc priest closely misses you.
Something hits you but does no damage. Something hits you.
You hit the orc priest.
The orc priest is heavily wounded.
You slash something! You hit something but do no damage.
The orc priest hits you with a +0 short sword.
You hear some strange, mumbled words.
You are confused.
Something hits you but does no damage.
The gnoll bouda gazes fiercely through you!
You feel as though you will be weak longer.
The orc priest mumbles some strange prayers to Beogh against you.
Beogh smites you!
You die...

#.### #.#####.....^.....#
#.#.## #.# ##......###.#
#..#.## #.# ##.#..##
##.###.#####.# #.#.## #.##
##......#######.#.#####.#
##.###.##.......##............
#..#.###.......##............
#.#.####.......##g#.#.#######
##..............@{g#.#.#
.............>..o{....>#
..#..####.......########
................#
#.#..#.#.######## #.#..#.#.#
###..###.# .........#
#.#..###.#


You could see a gnoll bouda, an orc priest and a gnoll (swift).

Vanquished Creatures
  Sigmund (D:2)
  An ice beast (D:5)
  A centaur (D:4)
  2 ogres
  A scorpion (D:4)
  2 hounds
  A jelly (D:5)
  A sleepcap (D:6)
  An iguana (D:4)
  Terence (D:2)
  2 orc wizards
  12 adders
  An ufetubus (D:5)
  A worm (D:4)
  5 orcs
  9 endoplasms
  5 goblins
  6 hobgoblins
  9 kobolds
  4 quokkas
  7 ball pythons
  6 bats
  2 frilled lizards (D:1)
  4 rats
85 creatures vanquished.

Notes
Turn   | Place    | Note
-------+----------+-------------------------------------------
     0 | D:1      | qw the Gargoyle Fighter began the quest for the Orb.
     0 | D:1      | Reached XP level 1. HP: 14/14 MP: 1/1
     0 | D:1      | 0 ||| qw: Version: 0.2-a-102-gdf20003
     0 | D:1      | 0 ||| qw: Game counter: 928
     0 | D:1      | 0 ||| qw: Always use a shield: true
     0 | D:1      | 0 ||| qw: God list: Okawaru
     0 | D:1      | 0 ||| qw: Allow faded altars: false
     0 | D:1      | 0 ||| qw: Do Orc after D:15 true
     0 | D:1      | 0 ||| qw: Do second Lair branch before Depths: true
     0 | D:1      | 0 ||| qw: Lair rune preference: random
     0 | D:1      | 0 ||| qw: Plans: Normal, Zot:1-4, Slime:5, God:TSO, Crypt,
                  | Tomb, Pan, Hells, Abyss, Win
     0 | D:1      | 0 ||| PLANNING D:1-11
   269 | D:1      | 269 ||| Stepping ~*~*~tactically~*~*~ (hiding).
   270 | D:1      | 270 ||| Stepping ~*~*~tactically~*~*~ (hiding).
   278 | D:1      | Reached XP level 2. HP: 19/19 MP: 2/2
   278 | D:1      | 278 ||| Stepping ~*~*~tactically~*~*~ (stealth).
   543 | D:1      | 543 ||| DROPPING +0 club.
   604 | D:1      | Reached skill level 3 in Axes
   673 | D:1      | Reached XP level 3. HP: 23/23 MP: 3/3
  1056 | D:1      | 1056 ||| UPGRADING to +0 tower shield.
  1066 | D:1      | 1066 ||| DROPPING +0 buckler.
  1067 | D:1      | 1067 ||| UPGRADING to +0 pair of boots.
  1072 | D:1      | 1072 ||| READING 4 scrolls labelled SUJIW HASULALA.
  1073 | D:1      | 1073 ||| READING scroll labelled ITORET VATILA.
  1074 | D:1      | 1074 ||| DROPPING 3 scrolls of immolation.
  1099 | D:2      | 1099 ||| Stepping ~*~*~tactically~*~*~ (stealth).
  1106 | D:2      | 1106 ||| Stepping ~*~*~tactically~*~*~ (hiding).
  1173 | D:2      | Noticed Terence
  1179 | D:2      | Killed Terence
  1180 | D:2      | Reached skill level 4 in Shields
  1217 | D:2      | Reached XP level 4. HP: 28/28 MP: 4/4
  1488 | D:2      | Noticed Sigmund
  1501 | D:2      | Killed Sigmund
  1502 | D:2      | Reached skill level 6 in Shields
  1502 | D:2      | Reached XP level 5. HP: 23/32 MP: 5/5
  1502 | D:2      | Reached XP level 6. HP: 27/37 MP: 6/6
  1644 | D:2      | 1644 ||| Stepping ~*~*~tactically~*~*~ (stealth).
  1651 | D:2      | 1651 ||| Stepping ~*~*~tactically~*~*~ (stealth).
  1652 | D:2      | 1652 ||| Stepping ~*~*~tactically~*~*~ (stealth).
  1694 | D:2      | 1694 ||| Stepping ~*~*~tactically~*~*~ (stealth).
  1814 | D:2      | 1814 ||| DROPPING ring of magical power.
  1815 | D:2      | 1815 ||| READING scroll labelled KIUROSUESO.
  1816 | D:2      | 1816 ||| READING scroll labelled POABEEFF XITS.
  1817 | D:2      | 1817 ||| READING scroll labelled UCO COEMUCUAGA.
  1818 | D:2      | 1818 ||| READING scroll labelled JOORUE CAYQOBI.
  1822 | D:2      | 1822 ||| DRINKING 4 bubbling cyan potions.
  1914 | D:3      | 1914 ||| Stepping ~*~*~tactically~*~*~ (hiding).
  2031 | D:3      | Found a faded altar of an unknown god.
  2112 | D:3      | 2112 ||| Stepping ~*~*~tactically~*~*~ (stealth).
  2115 | D:3      | 2115 ||| Stepping ~*~*~tactically~*~*~ (stealth).
  2237 | D:3      | Found an ancient bone altar of Kikubaaqudgha.
  2244 | D:3      | Found a glowing golden altar of the Shining One.
  2252 | D:3      | Found an ornate altar of the Wu Jian Council.
  2259 | D:3      | Found an opulent altar of Gozag.
  2268 | D:3      | Found a sacrificial altar of Ru.
  2275 | D:3      | Found a hide-covered altar of Uskayaw.
  2281 | D:3      | Found a blossoming altar of Fedhas.
  2462 | D:3      | Reached skill level 7 in Shields
  2607 | D:3      | Found Faump's Magic Scroll Shoppe.
  2619 | D:3      | 2619 ||| BUYING scroll of enchant weapon (75 gold).
  2619 | D:3      | Bought a scroll of enchant weapon for 75 gold pieces
  2619 | D:3      | 2619 ||| SHOPLISTING scroll of enchant weapon (75 gold,
                  | have 63).
  2619 | D:3      | 2619 ||| BUYING scroll of identify (20 gold).
  2619 | D:3      | Bought a scroll of identify for 20 gold pieces
  2619 | D:3      | 2619 ||| BUYING scroll of identify (20 gold).
  2619 | D:3      | Bought a scroll of identify for 20 gold pieces
  2619 | D:3      | 2619 ||| SHOPLISTING scroll of teleportation (30 gold, have
                  | 23).
  2619 | D:3      | 2619 ||| READING scroll of enchant weapon.
  2619 | D:3      | 2619 ||| ENCHANTING +0 war axe.
  2657 | D:3      | Found Ukhloug's General Store.
  2665 | D:3      | 2665 ||| SHOPLISTING 3 scrolls of teleportation (99 gold,
                  | have 23).
  2684 | D:3      | Found Fyacs's Antique Armour Emporium.
  2696 | D:3      | 2696 ||| SHOPLISTING shiny plate armour (806 gold, have
                  | 23).
  2801 | D:3      | 2801 ||| READING scroll labelled ISHOED FIG.
  2802 | D:3      | 2802 ||| READING 6 scrolls of identify.
  2802 | D:3      | 2802 ||| IDENTIFYING coppery potion
  2803 | D:3      | 2803 ||| READING 5 scrolls of identify.
  2803 | D:3      | 2803 ||| IDENTIFYING emerald potion
  2804 | D:3      | 2804 ||| READING 4 scrolls of identify.
  2804 | D:3      | 2804 ||| IDENTIFYING white potion
  2805 | D:3      | 2805 ||| READING 3 scrolls of identify.
  2805 | D:3      | 2805 ||| IDENTIFYING viscous sapphire potion
  2806 | D:3      | 2806 ||| DROPPING potion of brilliance.
  2807 | D:3      | 2807 ||| DROPPING potion of magic.
  2948 | D:4      | Found Asturod's Antique Weapon Emporium.
  3011 | D:4      | 3011 ||| Stepping ~*~*~tactically~*~*~ (hiding).
  3013 | D:4      | 3013 ||| Stepping ~*~*~tactically~*~*~ (hiding).
  3162 | D:4      | Found Cuppaseo's General Store.
  3176 | D:4      | 3176 ||| BUYING potion of might (44 gold).
  3176 | D:4      | Bought a potion of might for 44 gold pieces
  3176 | D:4      | 3176 ||| SHOPLISTING scroll of identify (22 gold, have 10).
  3216 | D:4      | Found Oguogice's Distillery.
  3224 | D:4      | 3224 ||| SHOPLISTING potion of attraction (39 gold, have
                  | 10).
  3224 | D:4      | 3224 ||| SHOPLISTING potion of cancellation (104 gold, have
                  | 10).
  3224 | D:4      | 3224 ||| SHOPLISTING potion of curing (39 gold, have 10).
  3224 | D:4      | 3224 ||| SHOPLISTING potion of heal wounds (65 gold, have
                  | 10).
  3224 | D:4      | 3224 ||| SHOPLISTING potion of lignification (39 gold, have
                  | 10).
  3228 | D:4      | 3228 ||| Stepping ~*~*~tactically~*~*~ (stealth).
  3231 | D:4      | 3231 ||| Stepping ~*~*~tactically~*~*~ (hiding).
  3232 | D:4      | 3232 ||| Stepping ~*~*~tactically~*~*~ (hiding).
  3247 | D:4      | Reached XP level 7. HP: 41/41 MP: 7/7
  3379 | D:4      | HP: 4/41 [ogre/+0 giant club (17)]
  3533 | D:4      | 3533 ||| READING scroll of enchant weapon.
  3533 | D:4      | 3533 ||| ENCHANTING +1 war axe.
  3597 | D:4      | You fall into a shaft and drop 2 floors!
  3616 | D:5      | Entered Level 5 of the Dungeon
  3618 | D:5      | Found a transporter.
  3656 | D:5      | Found an iron altar of Okawaru.
  3657 | D:5      | 3657 ||| PLANNING OKAWARU WORSHIP
  3657 | D:5      | 3657 ||| READING scroll labelled RAFAORCH TUFEWN.
  3658 | D:5      | 3658 ||| READING 5 scrolls of identify.
  3658 | D:5      | 3658 ||| IDENTIFYING metallic green potion
  3660 | D:5      | Found a glowing silver altar of Zin.
  3660 | D:5      | Found a shadowy altar of Dithmenos.
  3662 | D:5      | Found a shimmering blue altar of Sif Muna.
  3662 | D:5      | Found a stormy altar of Qazlal.
  3662 | D:5      | Found a sparkling altar of Nemelex Xobeh.
  3666 | D:5      | Became a worshipper of Warmaster Okawaru
  3666 | D:5      | 3666 ||| PLANNING D:1-11
  3990 | D:5      | Reached skill level 8 in Shields
  4041 | D:5      | Reached XP level 8. HP: 46/46 MP: 8/8
  4141 | D:5      | 4141 ||| Stepping ~*~*~tactically~*~*~ (hiding).
  4152 | D:5      | Reached * piety under Okawaru
  4153 | D:5      | 4153 ||| DRINKING potion of curing.
  4153 | D:5      | 4153 ||| (to cure confusion)
  4154 | D:5      | 4154 ||| INVOKING Heroism.
  4162 | D:5      | Killed from afar by an orc priest

Levels and vault maps discovered:
D:1:      reono_arrival_mine, layout_loops_corners,
          nicolae_concentric_dashed_squares_wild
D:2:      layout_loops_ring, uniq_sigmund, uniq_robin, uniq_terence
D:3:      layout_basic, grunt_temple_overflow_octagram,
          chequers_ecumenical_altar_twisty, serial_shops, shop, shop_fountains,
          shop, minmay_snake_closets
D:4:      layout_basic, serial_shops, shop, nicolae_shop_window_shopping,
          nicolae_shop_pleasant_corner_grove, chequers_jeans
D:5:      gammafunk_wand_slinger, layout_loops_ring, grunt_temple_overflow_open,
          minmay_misc_feat_nine_boxes, kennysheep_generic_room_4
D:6:      layout_basic, kennysheep_mini, temple_statues, serial_shops, shop,
          chequers_serial_rivers_marsh, minmay_misc_feat_roman

Skill      XL: |  1  2  3  4  5  6  7  8 |
---------------+-------------------------+-----
Axes           | 2 3 4 5 |  5.0
Shields        | 4 6 7 8 |  8.3
Throwing       | 2 |  2.1
Fighting       | |  3.2
Armour         | |  3.2

Action                     |  1- 3 |  4- 6 |  7- 9 || total
---------------------------+-------+-------+-------++-------
  Melee: War axe           |    81 |   169 |    52 ||   302
  Throw: Javelin           |       |     5 |    16 ||    21
 Invoke: Heroism           |       |       |     1 ||     1
    Use: Scroll            |     2 |    10 |     3 ||    15
         Potion            |       |     1 |     1 ||     2
 Armour: Scale mail        |    28 |   101 |    27 ||   156
  Dodge: Dodged            |    23 |    37 |     9 ||    69
  Block: Buckler           |     9 |       |       ||     9
         Tower shield      |    12 |   122 |    40 ||   174

Table legend:
 A = Non-vault XP
 B = Vault XP
 C = Vault XP percentage of total XP
 D = Non-vault monster count
 E = Vault monster count
 F = Vault count percentage of total count
                 A         B        C        D         E       F
            +---------+---------+-------+---------+---------+-------
      Total |     989 |     385 |  28.0 |      67 |      18 |  21.2
            +---------+---------+-------+---------+---------+-------
        D:1 |      40 |       0 |   0.0 |      25 |       0 |   0.0
        D:2 |      54 |     285 |  84.1 |      10 |       7 |  41.2
        D:3 |      52 |     100 |  65.8 |       9 |      11 |  55.0
        D:4 |     416 |       0 |   0.0 |      13 |       0 |   0.0
        D:5 |     389 |       0 |   0.0 |       9 |       0 |   0.0
        D:6 |      38 |       0 |   0.0 |       1 |       0 |   0.0
            +---------+---------+-------+---------+---------+-------
